 Dungeon Sprint DCSS version 0.31-a0-841-g038b102fc3 (webtiles) character file.

Game seed: 15068330295505035690

592 sircluck the Grappler (level 7, -3/80 HPs)
             Began as a Troll Berserker on Sept 27, 2023.
             Was a High Priest of Trog.
             Slain by an orange demon (5 damage)
             ... in the Dungeon (Sprint VII: "The Pits").
             The game lasted 00:00:46 (336 turns).

sircluck the Grappler (Troll Berserker)              Turns: 336, Time: 00:00:47

Health: -3/80      AC:  4    Str: 28    XL:     7   Next: 16%
Magic:  2/6        EV: 11    Int:  3    God:    Trog [*****.]
Gold:   0          SH:  0    Dex:  9    Spells: 6/6 levels left

rFire   . .          .
                       - Unarmed
rCold   . . .        (no shield)
rNeg    . . .        a - +0 animal skin
rPois   .            (helmet restricted)
rElec   .            (no cloak)
rCorr   .            (gloves unavailable)
SInv    .            (boots unavailable)
Will    .....        (no amulet)
Stlth   +            (no ring)
HPRegen 1.13/turn    (no ring)
MPRegen 0.10/turn

%: no teleportation
@: confused, lethally poisoned (-3 -> -4), on berserk cooldown, slowed, very
slow
A: large, unfitting armour, claws 3, regeneration 1, shaggy fur 1, tough skin 1
a: Renounce Religion, Berserk, Trog's Hand, Brothers in Arms


You were in the Dungeon.
You worshipped Trog.
Trog was extremely pleased with you.
You visited 1 branch

Inventory:

Armour
 a - a +0 animal skin (worn)
Scrolls
 g - a scroll of blinking
 i - 2 scrolls of vulnerability
 j - a scroll of butterflies
Potions
 b - 6 potions of curing
 c - 6 potions of heal wounds
 d - a potion of haste
 e - 4 potions of magic
 f - 3 potions of berserk rage
 h - 2 potions of invisibility


   Skills:
 + Level 8.0 Fighting
 + Level 7.9 Dodging
 + Level 9.5 Unarmed Combat


You had 6 spell levels left.
You didn't know any spells.
Your spell library was empty.

Dungeon Overview and Level Annotations

Branches:
Dungeon (1/1)

Altars:
Ashenzari
Cheibriados
Dithmenos
Elyvilon
Fedhas
Gozag
Hepliaklqana
Kikubaaqudgha
Makhleb
Nemelex Xobeh
Okawaru
Qazlal
Ru
Sif Muna
Trog
Uskayaw
Vehumet
Wu Jian
Xom
Yredelemnul
Zin
The Shining One
Jiyva
Lugonu


Innate Abilities, Weirdness & Mutations

You are too large for most types of armour.
You have claws for hands.
Your natural rate of healing is unusually fast.
You are covered in fur. (AC +1)
You have tough skin. (AC +1)


Message History

The great orb of eyes bites you.
* * * LOW HITPOINT WARNING * * *
The jackal bites you but does no damage.
The orange demon stings you from afar.
* * * LOW HITPOINT WARNING * * *
You are poisoned.
The orange demon poisons you!
You feel very sick. The jackal bites you.
* * * LOW HITPOINT WARNING * * *
The jackal bites you.
* * * LOW HITPOINT WARNING * * *
The orange demon stings you from afar.
* * * LOW HITPOINT WARNING * * *
The great orb of eyes pulsates ominously.
The great orb of eyes gazes at you.
You are confused.
You can move again.
Unknown command.
You barely miss the great orb of eyes.
The great orb of eyes is moderately wounded.
You feel sick. The jackal closely misses you.
The jackal bites you but does no damage.
You bump into the metal wall.
You feel sick. The orange demon stings you from afar.
* * * LOW HITPOINT WARNING * * *
The great orb of eyes bites you but does no damage.
The jackal bites you but does no damage.
The jackal misses you.
Unknown command.
Unknown command.
Unknown command.
You feel a strong urge to attack something.
You are no longer berserk.
You are exhausted.
You feel yourself slow down.
You feel sick. The jackal attacks as it pursues you!
The jackal barely misses you.
The orange demon attacks as it pursues you!
The orange demon stings you from afar.
You die...

#.##'#.)...##...<...#
#.#........##.......#
#.#........##.......#
#'###########.......#
#.......#.. #########
#..###..#.######
#.......#.#....#
##.###.##)#4...#
#.......#@hh...+
#..###..#†#Gh..#
#.......†)#....#
################


You could see a great orb of eyes, an orange demon and 3 jackals.

Vanquished Creatures
  A rime drake (D)
  Duvessa (D)
  Dowan (D)
  A quasit (D)
  A jelly (D)
  An iron imp (D)
  An iguana (D)
  An orc wizard (D)
  A gnoll (D)
  2 adders (D)
  An orc (D)
  A bat zombie (D)
  An endoplasm (D)
  7 jackals (D)
  A ball python (D)
  A bat (D)
  2 kobolds (D)
  A quokka skeleton (D)
26 creatures vanquished.

Notes
Turn   | Place    | Note
-------+----------+-------------------------------------------
     0 | D        | sircluck the Troll Berserker began the quest for the Orb.
     0 | D        | Reached XP level 1. HP: 22/22 MP: 0/0
    34 | D        | Reached XP level 2. HP: 27/31 MP: 1/1
    38 | D        | Found a bloodstained altar of Trog.
    38 | D        | Found a shimmering blue altar of Sif Muna.
    38 | D        | Found a viscous altar of Jiyva.
    38 | D        | Found a hazy altar of Hepliaklqana.
    38 | D        | Found an opulent altar of Gozag.
    39 | D        | Found a glowing golden altar of the Shining One.
    39 | D        | Found a glowing silver altar of Zin.
    39 | D        | Found a basalt altar of Yredelemnul.
    39 | D        | Found a shimmering altar of Xom.
    39 | D        | Found an ornate altar of the Wu Jian Council.
    39 | D        | Found a sacrificial altar of Ru.
    39 | D        | Found a stormy altar of Qazlal.
    39 | D        | Found an iron altar of Okawaru.
    39 | D        | Found a sparkling altar of Nemelex Xobeh.
    39 | D        | Found a burning altar of Makhleb.
    39 | D        | Found a blossoming altar of Fedhas.
    39 | D        | Found a white marble altar of Elyvilon.
    39 | D        | Found a shadowy altar of Dithmenos.
    39 | D        | Found a snail-covered altar of Cheibriados.
    42 | D        | Found a corrupted altar of Lugonu.
    42 | D        | Found a radiant altar of Vehumet.
    43 | D        | Found an ancient bone altar of Kikubaaqudgha.
    43 | D        | Found a hide-covered altar of Uskayaw.
    43 | D        | Found a broken altar of Ashenzari.
    76 | D        | Reached ** piety under Trog
    85 | D        | Reached skill level 4 in Unarmed Combat
    92 | D        | Reached *** piety under Trog
   107 | D        | Reached XP level 3. HP: 31/39 MP: 2/2
   108 | D        | Reached **** piety under Trog
   109 | D        | Reached skill level 5 in Unarmed Combat
   175 | D        | Reached XP level 4. HP: 49/49 MP: 3/3
   176 | D        | Reached ***** piety under Trog
   196 | D        | Reached skill level 5 in Fighting
   196 | D        | Reached skill level 5 in Dodging
   196 | D        | Reached skill level 6 in Unarmed Combat
   213 | D        | Reached XP level 5. HP: 46/59 MP: 4/4
   215 | D        | Noticed a rime drake
   218 | D        | Killed a rime drake
   218 | D        | Received a gift from Trog
   219 | D        | Reached skill level 8 in Unarmed Combat
   219 | D        | Reached XP level 6. HP: 63/71 MP: 5/5
   229 | D        | Noticed Duvessa
   229 | D        | Noticed Dowan
   235 | D        | Killed Dowan
   236 | D        | Reached skill level 9 in Unarmed Combat
   246 | D        | Killed Duvessa
   247 | D        | Reached XP level 7. HP: 8/80 MP: 6/6
   247 | D        | HP: 4/80 [frozen (5)]
   317 | D        | Noticed an orange demon
   317 | D        | Noticed a great orb of eyes
   329 | D        | Paralysed by a great orb of eyes for 4 turns
   335 | D        | HP: 4/120 [orange demon (6)]
   336 | D        | Slain by an orange demon

Illustrated notes

Levels and vault maps discovered:
D:        pitsprint [storerooms_1, entrance_room_1, metal_vault_5, armoury_1,
          mini_pit_1, grid_room_1, main_hall_1, silver_pit, the_coven_2,
          the_vestibule_1, steel_vault_3, golden_pit, hallway_of_sentries,
          crystal_vault_2, iron_vault_1, final_vault]

Skill      XL: |  1  2  3  4  5  6 |
---------------+-------------------+-----
Fighting       | 3 4 5 7 8 |  8.0
Dodging        | 3 4 5 7 |  7.9
Unarmed Combat | 4 5 6 8 9 |  9.5

Action                     |  1- 3 |  4- 6 |  7- 9 || total
---------------------------+-------+-------+-------++-------
  Melee: Unarmed           |    38 |    36 |    13 ||    87
         Punch             |     1 |     2 |       ||     3
 Invoke: Berserk           |       |       |     1 ||     1
 Armour: Animal skin       |    50 |    15 |    37 ||   102
  Dodge: Dodged            |    31 |    13 |    21 ||    65

Table legend: (Time is in decaauts)
 A = Elapsed time spent in this place.
 B = Non-inter-level travel time spent in this place.
 C = Inter-level travel time spent in this place.
 D = Time resting spent in this place.
 E = Time spent auto-exploring this place.
 F = Levels seen in this place.
 G = Mean time per level.
                   A        B        C        D        E       F      G
               +--------+--------+--------+--------+--------+-----+--------+
         Total |    323 |    323 |      0 |     75 |     68 |   1 |  323.0 |
       Dungeon |    323 |    323 |      0 |     75 |     68 |   1 |  323.0 |
               +--------+--------+--------+--------+--------+-----+--------+

Top non-repeatable levels by time:
       D: 323 daAuts
